 Dungeon Crawl Stone Soup version 0.16.1-4-g8e1b745 (webtiles) character file.

788 Zapata the Basher (level 8, 0/69 HPs)
             Began as a Kobold Berserker on Mar 26, 2015.
             Was a High Priest of Trog.
             Slain by an orc warrior
             ... wielding a +0 flail
              (16 damage)
             ... on level 5 of the Dungeon.
             The game lasted 00:09:48 (9205 turns).

Zapata the Basher (Kobold Berserker)                Turns: 9205, Time: 00:09:48

Health: 0/69       AC:  3    Str: 20    XL:     8   Next: 12%
Magic:  8/8        EV: 15    Int:  5    God:    Trog [*****.]
Gold:   363        SH:  0    Dex: 18    Spells: 0 memorised, 7 levels left

rFire  . . .     SeeInvis .     a - +0 mace
rCold  . . .     Clarity  .     b - +0 animal skin
rNeg   . . .     SustAb   .     (no shield)
rPois  .         Gourm    .     r - +0 helmet
rElec  .         Spirit   .     (no cloak)
rCorr  .         Warding  .     (no gloves)
rMut   .         Stasis   .     (no boots)
MR     .....                    (no amulet)
Stlth  ..........               (no ring)
                                j - ring of invisibility

@: berserking, very quick, not resistant to hostile enchantments, extremely
unstealthy
A: carnivore 3
a: Burn Spellbooks, Berserk, Trog's Hand, Brothers in Arms, Renounce Religion,
Evoke Invisibility


You were on level 5 of the Dungeon.
You worshipped Trog.
Trog was extremely pleased with you.
You were not hungry.

You visited 1 branch of the dungeon, and saw 5 of its levels.
You also visited: Sewer.

You collected 363 gold pieces.

Inventory:

Hand weapons
 a - a +0 mace (weapon)
Missiles
 i - 240 stones (quivered)
 o - 4 tomahawks
 x - 25 bolts
Armour
 b - a +0 animal skin (worn)
 k - a +0 buckler
 r - a +0 helmet (worn)
Jewellery
 j - a ring of invisibility (left hand)
Scrolls
 c - a scroll of enchant armour
 d - 5 scrolls of teleportation
 h - a scroll of recharging {unknown}
 p - 2 scrolls of remove curse
 y - a scroll of fear {unknown}
 z - a scroll of random uselessness {unknown}
Potions
 e - 4 potions of invisibility
 f - 5 potions of curing {unknown}
 g - 2 potions of cure mutation
 l - 4 potions of might
 m - a potion of resistance
 n - 3 potions of flight
 t - a potion of heal wounds {unknown}
 u - a potion of degeneration {unknown}
 v - 2 potions of agility
 w - a potion of lignification {unknown}
Comestibles
 q - a beef jerky


   Skills:
 - Level 3.2 Fighting
 + Level 9.1 Maces & Flails
 - Level 1.5 Armour
 - Level 2.4 Dodging


You had 7 spell levels left.
You didn't know any spells.

Dungeon Overview and Level Annotations

Branches:
Dungeon (5/15)             Temple (0/1) D:5

Altars:
Cheibriados
Elyvilon
Fedhas
Nemelex Xobeh
Okawaru
Sif Muna
Zin
The Shining One


Innate Abilities, Weirdness & Mutations

You are small and have problems with some larger weapons.
You are carnivorous and can eat meat at any time.


Message History

Ouch! That really hurt!
Huge Dmg: -50%(-23hp) hp: 50%(23hp) Use which ability? (? or * to list)
A red film seems to cover your vision as you go berserk!
You feel yourself moving faster!
You feel mighty!
You feel somewhat more hungry. The orc warrior hits you with a flail!
You are too berserk!
You hit the orc warrior!
The orc warrior is moderately wounded.
You closely miss the orc warrior.
The orc warrior is moderately wounded.
The orc warrior hits you with a flail!
* * * LOW HITPOINT WARNING * * *
Huge Dmg: -13%(-9hp) hp: 24%(16hp)
You closely miss the orc warrior.
The orc warrior is moderately wounded.
You hit the orc warrior.
The orc warrior is heavily wounded.
The orc warrior hits you with a flail!
You die...

#..# #...........# #.##
###.....^##.# #.# ####..####.#
### ##.# ######....## #.#
###.####..# #..#.8.#..# #.#
####.....#..## #........## ###.##
..##.###....# #..8.>.8.####...#.
..##........####o................
..........!.....@.#.8.#......####
..>...#####.####...##..##...#####
....### #........#...)..#.....#
....# #####..>.#.#....#####.#
...## #.....#.#.)..# #.# ..)#
#######.......#....# ### .###
#....#...###.....<.# ##§ .#
###.....## ##.#....# ##≈§ ##
##....### #.#....####≈≈.


You could see an orc warrior.

Vanquished Creatures
  An ogre (D:5)
  A centaur (D:5)
  A scorpion (D:4)
  A water moccasin skeleton (D:4)
  An orc wizard (D:4)
  3 hounds
  A worker ant (D:5)
  An iguana (D:5)
  A hound skeleton (D:4)
  16 adders
  7 worms
  A giant mite (Sewer)
  7 giant geckos
  4 oozes (Sewer)
  12 orcs
  22 bats
  A bat zombie (D:5)
  6 giant cockroaches
  10 goblins
  13 hobgoblins
  9 jackals
  13 kobolds
  3 quokkas
  6 ball pythons
  8 giant newts
  A quokka skeleton (D:5)
  13 rats
163 creatures vanquished.

Notes
Turn   | Place    | Note
--------------------------------------------------------------
     0 | D:1      | Zapata, the Kobold Berserker, began the quest for the Orb.
     0 | D:1      | Reached XP level 1. HP: 14/14 MP: 1/1
   103 | D:1      | Reached XP level 2. HP: 14/19 MP: 2/2
   432 | D:1      | Reached skill level 4 in Maces & Flails
   432 | D:1      | Reached XP level 3. HP: 8/23 MP: 3/3
  1182 | D:1      | Acquired Trog's second power
  1506 | D:2      | Reached XP level 4. HP: 28/28 MP: 4/4
  2538 | D:2      | Reached skill level 5 in Maces & Flails
  3227 | D:2      | Reached XP level 5. HP: 32/32 MP: 5/5
  3795 | D:2      | Found a sparkling altar of Nemelex Xobeh.
  4806 | D:3      | Reached skill level 6 in Maces & Flails
  5386 | D:3      | Reached XP level 6. HP: 27/37 MP: 6/6
  5388 | D:3      | Acquired Trog's third power
  5822 | D:3      | Found a glowing silver altar of Zin.
  5822 | D:3      | Found a white marble altar of Elyvilon.
  5822 | D:3      | Found a glowing golden altar of the Shining One.
  6423 | D:4      | Found a glowing drain.
  6503 | Sewer    | Entered a sewer
  6765 | Sewer    | Reached skill level 7 in Maces & Flails
  7485 | D:4      | Reached XP level 7. HP: 31/41 MP: 7/7
  8021 | D:4      | Reached skill level 8 in Maces & Flails
  8364 | D:5      | Entered Level 5 of the Dungeon
  8365 | D:5      | Found a staircase to the Ecumenical Temple.
  8578 | D:5      | Found an iron altar of Okawaru.
  8752 | D:5      | Found a blossoming altar of Fedhas.
  8752 | D:5      | Found a deep blue altar of Sif Muna.
  8753 | D:5      | Found a snail-covered altar of Cheibriados.
  8827 | D:5      | Reached XP level 8. HP: 40/46 MP: 8/8
  9021 | D:5      | Reached skill level 9 in Maces & Flails
  9205 | D:5      | Slain by an orc warrior

Action                   |  1- 3 |  4- 6 |  7- 9 || total
-------------------------+-------+-------+-------++-------
Melee: Mace              |    78 |   404 |   124 ||   606
Invok: Berserk           |     2 |    13 |     4 ||    19
       Trog's Hand       |       |     1 |       ||     1
  Use: Scroll            |       |     6 |     6 ||    12
       Potion            |       |     1 |       ||     1
 Stab: Sleeping          |     1 |     6 |       ||     7
  Eat: Chunk             |    12 |    21 |     7 ||    40
       Meat ration       |       |     1 |       ||     1
